 Dungeon Crawl Stone Soup version 0.23.1 (webtiles) character file.

Game seed: 8832777320377890094

111 Borgoz the Sneak (level 4, -1/36 HPs)
             Began as a Ghoul Enchanter on Mar 7, 2019.
             Slain by a scorpion (6 damage)
             ... on level 4 of the Dungeon.
             The game lasted 00:05:38 (2544 turns).

Borgoz the Sneak (Ghoul Enchanter)                  Turns: 2544, Time: 00:05:38

Health: -1/36      AC:  3    Str: 15    XL:     4   Next: 92%
Magic:  4/6        EV: 12    Int: 10    God:
Gold:   121        SH:  0    Dex: 10    Spells: 1/7 levels left

rFire    + . .     SeeInvis .     - Unarmed
rCold    + . .     Gourm    .   (no shield)
rNeg     + + +     Faith    .   h - +0 leather armour
rPois    ∞         Spirit   .   (no helmet)
rElec    .         Reflect  .   (no cloak)
rCorr    .         Harm     .   (no gloves)
MR       .....                  (no boots)
Stlth    ++........             g - amulet of regeneration
HPRegen  0.00/turn              a - ring of protection from fire
MPRegen  0.10/turn              n - +4 ring of strength

@: rotting
A: rotting body, claws 1, carnivore, cold resistance 1, negative energy
resistance 3, inhibited regeneration, torment resistance, unbreathing
a: no special abilities


You were on level 4 of the Dungeon.
You were not hungry.

You visited 1 branch of the dungeon, and saw 4 of its levels.

You collected 121 gold pieces.

Inventory:

Armour
 h - a +0 leather armour (worn)
Jewellery
 a - a ring of protection from fire (left claw)
 f - an uncursed amulet of magic regeneration
 g - an amulet of regeneration (around neck)
 n - a +4 ring of strength (right claw)
Wands
 b - a wand of random effects (12)
Scrolls
 e - a scroll of fear
 l - a scroll of amnesia
Comestibles
 d - 7 rations
 m - 5 chunks of flesh


   Skills:
 + Level 1.8 Fighting
   Level 0.8 Short Blades
 + Level 1.2 Armour
 + Level 2.3 Dodging
 - Level 3.8 Stealth
 + Level 1.6 Unarmed Combat
 - Level 2.1 Spellcasting
 - Level 2.6 Hexes


You had one spell level left.
You knew the following spells:

 Your Spells              Type           Power        Failure   Level  Hunger
a - Corona                Hex            #......      13%         1    ##.....
b - Ensorcelled Hibernat  Hex/Ice        #.....       32%         2    ###....
c - Confuse               Hex            #.......     36%         3    ####...

Your spell library contained the following spells:

 Spells                   Type           Power        Failure   Level  Hunger
 Magic Dart               Conj           #...         36%         1    ##.....
 Tukima's Dance           Hex            #.......     36%         3    ####...
 Searing Ray              Conj           #.....       50%         2    ###....
 Dazzling Spray           Conj/Hex       #.....       54%         3    ####...
 Fulminant Prism          Conj/Hex       #.........   91%         4    #####..
 Force Lance              Conj/Tloc      #.......     98%         4    #####..
 Iskenderun's Mystic Bla  Conj           #.......     98%         4    #####..


Dungeon Overview and Level Annotations

Branches:
Dungeon (4/15)
 Temple: D:4-7

Altars:

Annotations:
D:3 Sigmund


Innate Abilities, Weirdness & Mutations

Your body is rotting away.
You thrive on raw meat.
You are immune to poison.
You have sharp fingernails.
You are carnivorous and can eat meat at any time.
Your flesh is cold resistant. (rC+)
You are immune to negative energy. (rN+++)
You do not regenerate when monsters are visible.
You are immune to unholy pain and torment.
You can survive without breathing.


Message History

You are too injured to fight recklessly!
You are too injured to fight recklessly!
The helpless scorpion fails to defend itself.
You scratch the scorpion.
The scorpion is severely wounded.
The scorpion barely misses you.
You scratch the scorpion.
The scorpion is almost dead.
The scorpion stings you.
You scratch the scorpion but do no damage.
The scorpion is almost dead.
The scorpion stings you but does no damage.
You scratch the scorpion.
The scorpion is almost dead.
The scorpion stings you!
* * * LOW HITPOINT WARNING * * *
You scratch the scorpion but do no damage.
The scorpion is almost dead.
The scorpion stings you.
You die...

#.# ##........#
#.# ##.........
#.#
#.....#.....
#.#
##....##......
#.## ##....##
......
##.###....##
.... ##.......#
#....
####...##......
###.@s......
#...###...
#...## #...##
#....# ....>.#
######.# #..


You could see a scorpion.

Vanquished Creatures
  4 adders (D:2)
  An ooze (D:1)
  2 worms (D:2)
  A dart slug (D:1)
  A leopard gecko (D:2)
  5 orcs
  A ball python (D:3)
  6 bats
  2 giant cockroaches
  2 goblins (D:2)
  4 hobgoblins
  13 jackals
  4 kobolds
  5 frilled lizards
  4 rats
55 creatures vanquished.

Notes
Turn   | Place    | Note
-------+----------+-------------------------------------------
     0 | D:1      | Borgoz the Ghoul Enchanter began the quest for the Orb.
     0 | D:1      | Reached XP level 1. HP: 14/14 MP: 2/2
    35 | D:1      | Reached XP level 2. HP: 2/22 MP: 1/3
   634 | D:1      | Reached XP level 3. HP: 23/27 MP: 5/5
  1419 | D:2      | Reached skill level 1 in Fighting
  1419 | D:2      | Reached skill level 1 in Unarmed Combat
  1559 | D:2      | Learned a level 2 spell: Ensorcelled Hibernation
  1563 | D:2      | Learned a level 3 spell: Confuse
  1719 | D:2      | Reached XP level 4. HP: 19/35 MP: 6/6
  2141 | D:3      | Reached skill level 1 in Armour
  2451 | D:3      | Noticed Sigmund
  2544 | D:4      | Slain by a scorpion

Skill      XL: |  1  2  3  4 |
---------------+-------------+-----
Spellcasting   | 2 |  2.1
Dodging        | 2 |  2.3
Fighting       | 1 |  1.8
Unarmed Combat | 1 |  1.6
Armour         | 1 |  1.2
Short Blades   | |  0.8
Stealth        | |  3.8
Hexes          | |  2.6

Action                   |  1- 3 |  4- 6 || total
-------------------------+-------+-------++-------
Melee: Unarmed           |   202 |   134 ||   336
       Punch             |     1 |       ||     1
 Cast: Corona            |     2 |       ||     2
       Ensorcelled Hiber |       |     1 ||     1
  Use: Potion            |     4 |     2 ||     6
       Scroll            |     3 |     3 ||     6
 Stab: Sleeping          |     5 |     2 ||     7
  Eat: Chunk             |    19 |    10 ||    29
Armor: Robe              |    40 |       ||    40
       Leather armour    |    10 |    35 ||    45
Dodge: Dodged            |   158 |   107 ||   265
